 Dungeon Crawl Stone Soup version 0.20.1-1-g8b1a95d (webtiles) character file.

513 Salad the Skirmisher (level 7, -5/66 HPs)
             Began as a Minotaur Berserker on July 12, 2017.
             Was a Priest of Trog.
             Killed by divine providence
             ... invoked by an orc priest
              (12 damage)
             ... on level 4 of the Dungeon.
             The game lasted 00:08:42 (3596 turns).

Salad the Skirmisher (Minotaur Berserker)           Turns: 3596, Time: 00:08:43

Health: -5/66      AC:  4    Str: 22    XL:     7   Next: 0%
Magic:  6/6        EV: 12    Int:  4    God:    Trog [***...]
Gold:   173        SH:  0    Dex: 11    Spells: 6/6 levels left

rFire    + . .     SeeInvis .   b - +0 scythe (flame)
rCold    + . .     Gourm    .   (shield currently unavailable)
rNeg     . . .     Faith    .   m - +1 robe {rC+ rF+}
rPois    .         Spirit   .   (helmet restricted)
rElec    .         Reflect  .   (no cloak)
rCorr    .         Harm     .   q - +0 pair of gloves
MR       ++...                  (no boots)
Stlth    +.........             (no amulet)
Regen    1.3/turn               (no ring)
MPRegen  0.1/turn               (no ring)

@: regenerating
A: retaliatory headbutt, horns 2
a: Berserk, Trog's Hand, Burn Spellbooks, Renounce Religion


You were on level 4 of the Dungeon.
You worshipped Trog.
Trog was most pleased with you.
You were hungry.

You visited 1 branch of the dungeon, and saw 4 of its levels.

You collected 173 gold pieces.

Inventory:

Hand Weapons
 b - a +0 scythe of flaming (weapon)
Armour
 m - a +1 robe of resistance (worn)
 q - a +0 pair of gloves (worn)
 w - a +0 buckler
Scrolls
 e - 2 scrolls of teleportation
 g - a scroll of identify
 i - a scroll of remove curse
 j - a scroll of magic mapping
 t - a scroll of amnesia
 u - a scroll of fear
 x - 2 scrolls of immolation
Potions
 a - a potion of lignification {unknown}
 f - 2 potions of brilliance
 h - 3 potions of curing {unknown}
 k - 3 potions of agility {unknown}
 l - a potion of experience {unknown}
 n - a potion of haste {unknown}
 o - 2 potions of heal wounds {unknown}
 p - a potion of ambrosia {unknown}
 r - 2 potions of flight {unknown}
 s - 2 potions of mutation {unknown}
Comestibles
 c - 2 bread rations
 d - 4 royal jellies
 v - 2 meat rations


   Skills:
 - Level 7.3 Fighting
   Level 3.6(5.2) Axes
 + Level 5.8(6.3) Polearms
 - Level 2.4 Armour
 - Level 2.1 Dodging


You had 6 spell levels left.
You didn't know any spells.

Dungeon Overview and Level Annotations

Branches:
Dungeon (4/15)             Temple (0/1) D:4

Altars:
Kikubaaqudgha
Okawaru


Innate Abilities, Weirdness & Mutations

You reflexively headbutt those who attack you in melee.
You have a pair of horns on your head.


Message History

The orc warrior is lightly wounded.
The orc warrior hits you with a war axe!
* * * LOW HITPOINT WARNING * * *
An orc priest comes into view. It is wielding a club.
The orc priest shouts!
You hit the orc warrior. You burn the orc warrior.
The orc warrior is moderately wounded.
The orc warrior hits you with a war axe!
* * * LOW HITPOINT WARNING * * *
Your skin crawls.
You feel resistant to hostile enchantments.
You feel somewhat more hungry.
The orc warrior hits you with a war axe.
* * * LOW HITPOINT WARNING * * *
The orc priest invokes the aid of Beogh against you.
Pain shoots through your body!
* * * LOW HITPOINT WARNING * * *
The orc priest invokes the aid of Beogh against you.
Beogh smites you!
You die...

####.........##.......#.##......#
..##..........#'#'#####.##......#
.........................########
..................########.... ..
.................)'......#.>.# >.
..................########...
..###'##.).........# ### ..#
#.#......oo....########.##### ..#
#.#.........@..#............. ..#
#.#........................##
..###'#..............#######.....
...................### #.....
##...........<.....# #.....
#......#'#........### #.....
##......#...........รท#### #.....
.'......#...............# #.....
##......#...............# #.....


You could see an orc warrior and an orc priest.

Vanquished Creatures
  Sigmund (D:2)
  A bullfrog skeleton (D:4)
  2 orc priests (D:3)
  3 orc wizards
  An iguana (D:4)
  A worker ant (D:4)
  3 adders
  An ooze (D:3)
  2 worms
  A dart slug (D:3)
  3 leopard geckos
  15 orcs
  A ball python (D:4)
  3 giant cockroaches
  9 hobgoblins
  7 jackals
  10 kobolds
  2 quokkas
  7 bats
  7 frilled lizards
  5 goblins
  2 rats
87 creatures vanquished.

Notes
Turn   | Place    | Note
-------+----------+-------------------------------------------
     0 | D:1      | Salad the Minotaur Berserker began the quest for the Orb.
     0 | D:1      | Reached XP level 1. HP: 19/19 MP: 0/0
    47 | D:1      | Reached skill level 4 in Fighting
   329 | D:1      | Reached XP level 2. HP: 26/28 MP: 1/1
   659 | D:1      | Reached ** piety under Trog
   665 | D:1      | Reached skill level 5 in Fighting
  1030 | D:2      | Reached XP level 3. HP: 34/36 MP: 2/2
  1040 | D:2      | Noticed Sigmund
  1049 | D:2      | Killed Sigmund
  1049 | D:2      | Reached skill level 7 in Fighting
  1049 | D:2      | Reached XP level 4. HP: 47/47 MP: 3/3
  1049 | D:2      | Reached XP level 5. HP: 52/52 MP: 4/4
  1225 | D:2      | Reached skill level 1 in Polearms
  1910 | D:3      | Reached XP level 6. HP: 54/60 MP: 5/5
  2092 | D:3      | Reached *** piety under Trog
  2134 | D:3      | Found an ancient bone altar of Kikubaaqudgha.
  2791 | D:4      | Found an iron altar of Okawaru.
  2834 | D:4      | Reached skill level 5 in Polearms
  3152 | D:4      | Found a staircase to the Ecumenical Temple.
  3582 | D:4      | Noticed an orc warrior
  3586 | D:4      | Reached XP level 7. HP: 50/66 MP: 6/6
  3596 | D:4      | Killed from afar by an orc priest

Skill      XL: |  1  2  3  4  5  6 |
---------------+-------------------+-----
Fighting       | 4 5 7 |  7.3
Polearms       | 3 5 |  5.8
Axes           | |  3.6
Armour         | |  2.4
Dodging        | |  2.1

Action                   |  1- 3 |  4- 6 |  7- 9 || total
-------------------------+-------+-------+-------++-------
Melee: Hand axe          |    55 |       |       ||    55
       Headbutt          |     9 |    12 |     2 ||    23
       Scythe            |       |   122 |     3 ||   125
Invok: Berserk           |     1 |     3 |       ||     4
       Trog's Hand       |       |       |     1 ||     1
  Use: Scroll            |       |     7 |       ||     7
 Stab: Sleeping          |       |     2 |       ||     2
  Eat: Chunk             |       |    12 |       ||    12
Armor: Animal skin       |     8 |       |       ||     8
       Robe              |       |    32 |       ||    32
Dodge: Dodged            |    38 |    95 |     2 ||   135
